 Dungeon Crawl Stone Soup version 0.26.0-16-gc1dbca0489 (webtiles) character file.

Game seed: 16131921950264444436

2966 zcampers the Cleaver (level 9, -2/123 HPs)
             Began as a Minotaur Berserker on Jan 21, 2021.
             Was an Elder of Trog.
             Slain by a killer bee (8 damage)
             ... on level 7 of the Dungeon.
             The game lasted 00:14:38 (5987 turns).

zcampers the Cleaver (Minotaur Berserker)           Turns: 5987, Time: 00:14:38

Health: -2/123     AC:  0    Str: 28    XL:     9   Next: 52%
Magic:  8/8        EV: 13    Int:  7    God:    Trog [****..]
Gold:   183        SH:  0    Dex: 10    Spells: 8/8 levels left

rFire    . . .     SeeInvis .   s - +1 battleaxe
rCold    . . .     Faith    .   (shield currently unavailable)
rNeg     . . .     Spirit   .   (no armour)
rPois    .         Reflect  .   (helmet restricted)
rElec    .         Harm     .   (no cloak)
rCorr    +         Rampage  .   (no gloves)
Will     ++...                  (no boots)
Stlth    ..........             h - amulet of inaccuracy (curse)
HPRegen  1.70/turn              f - ring of resist corrosion
MPRegen  0.11/turn              o - +6 ring of strength

@: berserking, lethally poisoned (-2 -> -3), regenerating, very quick
A: retaliatory headbutt, horns 2, high mp 1, mutation resistance 1, regeneration
1
a: Renounce Religion, Berserk, Trog's Hand, Brothers in Arms


You were on level 7 of the Dungeon.
You worshipped Trog.
Trog was greatly pleased with you.
You visited 1 branch of the dungeon, and saw 7 of its levels.
You also visited: Ossuary.

You collected 271 gold pieces.
You spent 88 gold pieces at shops.

Inventory:

Hand Weapons
 s - a +1 battleaxe (weapon)
Missiles
 i - 15 poisoned darts (quivered)
Armour
 a - a +2 plate armour of poison resistance
 d - +0 fire dragon scales
Jewellery
 f - a ring of resist corrosion (left hand)
 h - a cursed amulet of inaccuracy (around neck)
 o - a +6 ring of strength (right hand)
Wands
 e - a wand of polymorph (16)
 k - a wand of flame (18)
 l - a wand of iceblast (10)
 m - a wand of enslavement (7)
Scrolls
 c - 2 scrolls of teleportation
 j - 7 scrolls of identify
Potions
 b - 7 potions of flight
 g - a potion of curing
 p - a potion of invisibility
 r - a potion of haste


   Skills:
 + Level 8.3 Fighting
 + Level 11.1 Axes
 + Level 0.4 Throwing
 + Level 8.5 Armour
 + Level 3.9 Dodging
 + Level 0.7 Stealth


You had 8 spell levels left.
You didn't know any spells.
Your spell library was empty.

Dungeon Overview and Level Annotations

Branches:
Dungeon (7/15)             Temple (0/1) D:5         Ossuary (visited)

Altars:
Ashenzari
Dithmenos
Gozag
Nemelex Xobeh
Sif Muna
The Shining One

Shops:
D:4 *


Innate Abilities, Weirdness & Mutations

You reflexively headbutt those who attack you in melee.
You have a pair of horns on your head.
You have an increased reservoir of magic. (+10% MP)
You are somewhat resistant to further mutation.
Your natural rate of healing is unusually fast.


Message History

You are more poisoned.
The killer bee poisons you! The killer bee stings you.
* * * LOW HITPOINT WARNING * * *
You are more poisoned.
The killer bee poisons you!
A red film seems to cover your vision as you go berserk!
You feel yourself moving faster!
You feel mighty!
You feel very sick. The killer bee stings you.
* * * LOW HITPOINT WARNING * * *
The killer bee barely misses you. The killer bee stings you.
* * * LOW HITPOINT WARNING * * *
The killer bee closely misses you. You furiously retaliate!
You headbutt the killer bee!
You kill the killer bee!
Trog accepts your kill.
You miss the killer bee. x2; You feel sick.
The killer bee stings you.
* * * LOW HITPOINT WARNING * * *
The killer bee closely misses you. The killer bee stings you!
You die...

#......# #...#..##
#†##.##.#
######.#.⌠.#.#
#....†.##.##.#
#.####...#..######
#.#..........
#.####.###y#######
.......<..@y#
...#####.####
........#
#########


You could see 2 killer bees.

Vanquished Creatures
  An unseen horror (D:5)
  A yak (D:5)
  Menkaure (D:5)
  An orc warrior (D:6)
  An ice beast (D:6)
  A phantom (D:5)
  4 ogres
  2 centaurs (D:5)
  3 scorpions
  A wyvern skeleton (D:7)
  4 killer bees (D:7)
  A bullfrog zombie (D:6)
  2 human zombies (Ossuary)
  A hound (D:6)
  4 orc priests
  4 orc wizards
  2 bullfrog skeletons (D:5)
  Ijyb (D:4)
  7 worker ants
  A killer bee zombie (D:6)
  2 hound skeletons (D:5)
  5 mummies (Ossuary)
  7 adders
  2 shadow imps
  4 white imps
  An ufetubus (D:5)
  3 oozes
  A worm (D:3)
  5 dart slugs
  3 leopard geckos
  33 orcs
  6 ball pythons
  3 giant cockroaches
  A gnoll zombie (Ossuary)
  15 goblins
  9 hobgoblins
  18 jackals
  3 quokkas
  3 bats
  4 frilled lizards
  2 goblin zombies (Ossuary)
  A jackal zombie (D:6)
  6 kobolds
  2 kobold zombies (Ossuary)
  2 leopard gecko skeletons
  An orc zombie (Ossuary)
  5 rats
190 creatures vanquished.

Vanquished Creatures (collateral kills)
  Eustachio (D:5)
1 creature vanquished.

Vanquished Creatures (others)
  A plant (D:2)
1 creature vanquished.

Grand Total: 192 creatures vanquished

Notes
Turn   | Place    | Note
-------+----------+-------------------------------------------
     0 | D:1      | zcampers the Minotaur Berserker began the quest for the
                  | Orb.
     0 | D:1      | Reached XP level 1. HP: 19/19 MP: 0/0
   166 | D:1      | Reached skill level 4 in Axes
   207 | D:1      | Reached XP level 2. HP: 20/27 MP: 1/1
   958 | D:2      | Reached XP level 3. HP: 14/34 MP: 2/2
  1395 | D:2      | Reached ** piety under Trog
  1733 | D:2      | Found a glowing golden altar of the Shining One.
  1736 | D:2      | Found a shimmering blue altar of Sif Muna.
  1762 | D:2      | Found an opulent altar of Gozag.
  1765 | D:2      | Found a broken altar of Ashenzari.
  2033 | D:3      | Reached XP level 4. HP: 41/41 MP: 3/3
  2034 | D:3      | Found a sparkling altar of Nemelex Xobeh.
  2088 | D:3      | Reached skill level 5 in Axes
  2521 | D:3      | Reached XP level 5. HP: 31/47 MP: 4/4
  2553 | D:3      | Reached skill level 5 in Fighting
  2797 | D:3      | Reached skill level 6 in Axes
  3014 | D:3      | Gained mutation: Your natural rate of healing is unusually
                  | fast. [potion of mutation]
  3014 | D:3      | Gained mutation: You have an increased reservoir of magic.
                  | (+10% MP) [potion of mutation]
  3014 | D:3      | Gained mutation: You are somewhat resistant to further
                  | mutation. [potion of mutation]
  3072 | D:3      | Reached *** piety under Trog
  3073 | D:3      | Reached XP level 6. HP: 30/33 MP: 5/5
  3469 | D:4      | Reached skill level 7 in Axes
  3469 | D:4      | Reached XP level 7. HP: 56/56 MP: 6/6
  3689 | D:4      | Noticed Ijyb
  3724 | D:4      | Killed Ijyb
  3898 | D:4      | Reached skill level 5 in Armour
  3908 | D:4      | Found a shadowy altar of Dithmenos.
  3983 | D:4      | Found Yniteted's Assorted Antiques.
  4008 | D:4      | Bought a scroll labelled JYWNUGA IRARO for 22 gold pieces
  4008 | D:4      | Bought a scroll labelled KENEHICOSU for 22 gold pieces
  4025 | D:4      | Bought a scroll of identify for 44 gold pieces
  4056 | D:5      | Entered Level 5 of the Dungeon
  4117 | D:5      | Found a staircase to the Ecumenical Temple.
  4132 | D:5      | Reached **** piety under Trog
  4157 | D:5      | Found a sand-covered staircase.
  4172 | Ossuary  | Entered an ossuary
  4374 | Ossuary  | Reached skill level 8 in Axes
  4514 | D:5      | Noticed Eustachio
  4553 | D:5      | Killed Eustachio
  4554 | D:5      | Reached XP level 8. HP: 71/71 MP: 7/7
  4688 | D:5      | Reached skill level 9 in Axes
  4703 | D:5      | Killed an unseen horror
  4704 | D:5      | Reached skill level 10 in Axes
  4704 | D:5      | Reached XP level 9. HP: 39/79 MP: 8/8
  4704 | D:5      | Noticed Menkaure
  4715 | D:5      | Killed Menkaure
  5887 | D:7      | Reached skill level 11 in Axes
  5987 | D:7      | HP: 6/123 [killer bee (4)]
  5987 | D:7      | Slain by a killer bee

Illustrated notes

Levels and vault maps discovered:
D:1:      dpeg_arrival_lava_altar, layout_loops_corners, hangedman_decor_growths
D:2:      layout_basic, nicolae_overflow_hidden_temple, serial_bayou_pond_d,
          minmay_misc_feat_diagonals
D:3:      minmay_skewed_foursquare, layout_rooms, hangedman_decor_riveting,
          grunt_ministairs_13, nemelex_dance_club_becter
D:4:      kennysheep_goblin_castle, layout_basic, serial_shops,
          nicolae_shop_overgrown_old_shop, grunt_dithmenos_shadows
D:5:      cheibrodos_fzero, layout_basic, minmay_temple_entry_mini_moons,
          enter_ossuary_3, uniq_eustachio, uniq_menkaure
D:6:      layout_basic, serial_glass, glass_columns_a, glass_columns_a,
          feat_on_display, due_unseen_surprise
D:7:      layout_loops_ring, ebering_ghost_xom, grunt_decor_one_mirror,
          hangedman_decor_slide_cut, nemelex_lonely_heart_becter

Skill      XL: |  1  2  3  4  5  6  7  8  9 |
---------------+----------------------------+-----
Axes           | 4 5 6 7 8 10 11 | 11.1
Fighting       | 4 5 6 7 8 |  8.3
Armour         | 3 4 6 7 8 |  8.5
Dodging        | 3 |  3.9
Throwing       | |  0.4
Stealth        | |  0.7

Action                   |  1- 3 |  4- 6 |  7- 9 || total
-------------------------+-------+-------+-------++-------
Melee: Hand axe          |    81 |   203 |   273 ||   557
       Headbutt          |    13 |    29 |    57 ||    99
       Battleaxe         |       |       |    54 ||    54
Throw: Dart              |       |       |     9 ||     9
Invok: Trog's Hand       |       |     3 |     4 ||     7
       Berserk           |       |     2 |     5 ||     7
       Brothers in Arms  |       |       |     1 ||     1
  Use: Scroll            |     5 |     4 |     9 ||    18
       Potion            |     2 |     4 |     8 ||    14
Armor: Ring mail         |    15 |       |       ||    15
       Plate armour      |    32 |   176 |   242 ||   450
Dodge: Dodged            |    47 |   124 |   183 ||   354
